 Dungeon Sprint DCSS version 0.31.0-9-g3a7656b989 (webtiles) character file.

Game seed: 15593126279273576241

5005 Groucho the Unseen (level 10, -7/91 HPs)
             Began as a Felid Shapeshifter on Jan 26, 2024.
             Was the Champion of Trog.
             Mangled by Arachne
             ... wielding a staff of alchemy
              (21 damage)
             ... in the Dungeon (Sprint VII: "The Pits").
             The game lasted 00:06:59 (2898 turns).

Groucho the Unseen (Felid Shapeshifter)             Turns: 2898, Time: 00:07:00

Health: -7/91      AC:  5    Str: 15    XL:     10   Next: 29%
Magic:  11/11      EV: 28    Int: 14    God:    Trog [******]
Gold:   0          SH:  0    Dex: 18    Spells: 9/9 levels left
                                        Lives:  0   Deaths: 3

rFire   . .          .
                       - Unarmed
rCold   . . .        (shield unavailable)
rNeg    . . .        (body armour unavailable)
rPois   .            (helmet unavailable)
rElec   .            (cloak unavailable)
rCorr   .            (gloves unavailable)
SInv    +            (boots unavailable)
Will    +++..        (no amulet) Stlth
                     e - +3 ring of strength
HPRegen 1.35/turn    f - +3 ring of protection
MPRegen 0.12/turn

%: no teleportation
@: berserking, lethally poisoned (-7 -> -28), beast-form, strong-willed,
regenerating, very quick
A: beast (slay +4), very small, claws 1, fangs 3, see invisible, shaggy fur 2,
stealthy paws, no weapons or thrown items, no armour, multi-lived
a: Begin Untransformation, Renounce Religion, Berserk, Trog's Hand, Brothers in
Arms


You were in the Dungeon.
You worshipped Trog.
Trog was exalted by your worship.
You were a hulking beast.
You visited 1 branch

Inventory:

Jewellery
 e - a +3 ring of strength (left paw)
 f - a +3 ring of protection (right paw)
Talismans
 b - a beast talisman
 c - a flux talisman
Scrolls
 k - 2 scrolls of vulnerability
 l - 5 scrolls of amnesia
 m - a scroll of summoning
Potions
 a - a potion of lignification
 d - 6 potions of curing
 g - 4 potions of magic
 h - 4 potions of berserk rage
 j - a potion of invisibility
 n - 4 potions of heal wounds
 o - a potion of might
 p - 3 potions of haste


   Skills:
 + Level 11.5 Fighting
 + Level 14.8 Dodging
 + Level 15.7 Stealth
 + Level 11.8 Unarmed Combat
 + Level 9.0 Shapeshifting


You had 9 spell levels left.
You didn't know any spells.
Your spell library was empty.

Dungeon Overview and Level Annotations

Branches:
Dungeon (1/1)

Altars:
Ashenzari
Cheibriados
Dithmenos
Elyvilon
Fedhas
Gozag
Hepliaklqana
Kikubaaqudgha
Makhleb
Nemelex Xobeh
Okawaru
Qazlal
Ru
Sif Muna
Trog
Uskayaw
Vehumet
Wu Jian
Xom
Yredelemnul
Zin
The Shining One
Jiyva
Lugonu

Annotations:
D exclusion: 4 doors, Arachne


Innate Abilities, Weirdness & Mutations

You are a hulking beast.
Your limbs bulge with bestial killing power. (Slay +4)
You have sharp claws.
You have razor-sharp teeth.
You have supernaturally acute eyesight. (SInv)
You are covered in thick fur. (AC +2)
Your paws help you pounce on unaware monsters.
You are incapable of wielding weapons or throwing items.
You cannot wear armour.
You gain extra lives every three experience levels.


Message History

There is an open door here.
There is an open door to the Temple (Safe) here.
There is a glowing golden altar of the Shining One here.
There is an open door to the Temple (Safe) here.
You see here a +0 dagger.
There is an open door to the Storerooms (Easy) here.
You see here a swamp drake corpse.
Arachne is nearby!
Unknown command.
Unknown command.
Your skin crawls.
You feel strong-willed.
A red film seems to cover your vision as you go berserk!
You feel yourself moving faster!
You feel mighty!
Arachne shouts!
You barely miss Arachne.
Arachne is heavily wounded.
Arachne hits you with a staff of alchemy!
Arachne envenoms you!
You are poisoned.
You scratch Arachne.
Arachne is heavily wounded.
You feel sick.
You claw Arachne! You bite Arachne!
Arachne is heavily wounded.
You feel sick.
You are no longer poisoned.
Arachne casts a spell at you. The poison arrow hits you!!!
You are poisoned.
Ouch! That really hurt!
* * * LOW HITPOINT WARNING * * *
Unknown command.
You barely miss Arachne.
Arachne is heavily wounded.
* * * LOW HITPOINT WARNING * * *
You feel very sick.
Arachne hits you with a staff of alchemy!!
You die...
Arachne says, "All wrapped up."

############ #_________.#
#_________.#
#_______...###########++######
##########'##................#
#..(.')))'.##......#..#......#
##########.##†...............+
#..........)')hH.............+
#'#####'#####......#).#......#
#.#..#..#..##................#
#.#÷.'..'.÷#####'#####''######
#.##'####'###.......##''#######
#.#........##.......##.........
#.#........##.......##.....H...
#.#####'#####...<...##..#####..
#.#...)))[.##.......##..H†..#..


You could see Arachne.

Vanquished Creatures
  A merfolk aquamancer (D)
  A lindwurm (D)
  A deep elf zephyrmancer (D)
  An elephant (D)
  A cane toad (D)
  A merfolk (D)
  A hornet (D)
  2 tyrant leeches (D)
  Prince Ribbit (D)
  2 water elementals (D)
  A small abomination (D)
  A wyvern (D)
  Pargi (D)
  A centaur (D)
  A kobold brigand (D)
  3 wights (D)
  A quasit (D)
  An orc priest (D)
  An iron imp (D)
  2 orc wizards (D)
  A gnoll (D)
  An adder (D)
  A river rat (D)
  A white imp (D)
  5 orcs (D)
  2 bats (D)
  An endoplasm (D)
  2 giant cockroaches (D)
  A goblin (D)
  A hobgoblin (D)
  6 jackals (D)
  A quokka (D)
  A quokka skeleton (D)
  A rat (D)
50 creatures vanquished.

Vanquished Creatures (collateral kills)
  A deep troll (D)
  A red devil (D)
  A swamp drake (D)
3 creatures vanquished.

Grand Total: 53 creatures vanquished

Notes
Turn   | Place    | Note
-------+----------+-------------------------------------------
     0 | D        | Groucho the Felid Shapeshifter began the quest for the Orb.
     0 | D        | Reached XP level 1. HP: 10/10 MP: 2/2
    16 | D        | Reached skill level 1 in Stealth
   230 | D        | Found a bloodstained altar of Trog.
   230 | D        | Found a shimmering blue altar of Sif Muna.
   230 | D        | Found a viscous altar of Jiyva.
   230 | D        | Found a hazy altar of Hepliaklqana.
   230 | D        | Found an opulent altar of Gozag.
   231 | D        | Found a glowing golden altar of the Shining One.
   231 | D        | Found a glowing silver altar of Zin.
   231 | D        | Found a basalt altar of Yredelemnul.
   231 | D        | Found a shimmering altar of Xom.
   231 | D        | Found an ornate altar of the Wu Jian Council.
   231 | D        | Found a sacrificial altar of Ru.
   231 | D        | Found a stormy altar of Qazlal.
   231 | D        | Found an iron altar of Okawaru.
   231 | D        | Found a sparkling altar of Nemelex Xobeh.
   231 | D        | Found a burning altar of Makhleb.
   231 | D        | Found a blossoming altar of Fedhas.
   231 | D        | Found a white marble altar of Elyvilon.
   231 | D        | Found a shadowy altar of Dithmenos.
   231 | D        | Found a snail-covered altar of Cheibriados.
   233 | D        | Found a radiant altar of Vehumet.
   233 | D        | Found a corrupted altar of Lugonu.
   234 | D        | Found a hide-covered altar of Uskayaw.
   234 | D        | Found an ancient bone altar of Kikubaaqudgha.
   234 | D        | Found a broken altar of Ashenzari.
   237 | D        | Became a worshipper of Trog the Wrathful
   254 | D        | Reached skill level 2 in Stealth
   254 | D        | Reached XP level 2. HP: 6/15 MP: 3/3
   552 | D        | Reached * piety under Trog
   553 | D        | Reached skill level 3 in Stealth
   565 | D        | Reached ** piety under Trog
   566 | D        | Reached skill level 4 in Stealth
   566 | D        | Reached XP level 3. HP: 18/20 MP: 4/4
   576 | D        | Reached skill level 5 in Dodging
   579 | D        | Reached *** piety under Trog
   923 | D        | Noticed Prince Ribbit
   926 | D        | Noticed a kobold brigand
   929 | D        | Noticed Pargi
   936 | D        | Reached skill level 5 in Stealth
   936 | D        | Reached XP level 4. HP: 25/25 MP: 5/5
   936 | D        | Gained a life (2 lives remaining)
   948 | D        | Killed a kobold brigand
   949 | D        | Reached skill level 6 in Stealth
   949 | D        | Reached skill level 5 in Unarmed Combat
   949 | D        | Reached XP level 5. HP: 18/30 MP: 6/6
   970 | D        | Killed Pargi
   970 | D        | Reached **** piety under Trog
   971 | D        | Reached skill level 5 in Fighting
   971 | D        | Reached skill level 7 in Stealth
   971 | D        | Reached skill level 5 in Shapeshifting
   971 | D        | Gained mutation: You are covered in thick fur. (AC +2)
                  | [Felid growth]
   971 | D        | Reached XP level 6. HP: 33/35 MP: 7/7
   975 | D        | Killed Prince Ribbit
   976 | D        | Reached skill level 9 in Stealth
   982 | D        | Reached ***** piety under Trog
  1001 | D        | Noticed a cane toad
  1003 | D        | Killed a cane toad
  1004 | D        | Reached skill level 10 in Dodging
  1004 | D        | Reached skill level 10 in Stealth
  1004 | D        | Reached XP level 7. HP: 31/42 MP: 8/8
  1205 | D        | Noticed a merfolk
  1205 | D        | Noticed a water elemental
  1212 | D        | Noticed a water elemental
  1220 | D        | Killed a water elemental
  1220 | D        | Reached ****** piety under Trog
  1221 | D        | Reached skill level 11 in Stealth
  1221 | D        | Reached XP level 8. HP: 35/47 MP: 9/9
  1250 | D        | Killed a merfolk
  1271 | D        | Noticed a merfolk aquamancer
  1538 | D        | HP: 1/72 [merfolk aquamancer] (8)]
  1539 | D        | Killed a merfolk aquamancer
  1539 | D        | Engulfed by a cloud of steam
  1539 | D        | Lost a life (1 life remaining)
  1540 | D        | Reached skill level 12 in Stealth
  1558 | D        | Found the +7 sceptre of Torment {pain, torment}
  1641 | D        | Noticed a deep elf zephyrmancer
  1642 | D        | Noticed an elephant
  1656 | D        | Killed a deep elf zephyrmancer
  1657 | D        | Reached skill level 13 in Stealth
  1657 | D        | Reached skill level 10 in Unarmed Combat
  1657 | D        | Reached XP level 9. HP: 45/54 MP: 10/10
  1657 | D        | Gained a life (2 lives remaining)
  1664 | D        | Killed an elephant
  1665 | D        | Reached skill level 10 in Fighting
  1888 | D        | Noticed a tyrant leech
  1893 | D        | Reached skill level 14 in Stealth
  1906 | D        | Killed a tyrant leech
  2395 | D        | Noticed a tyrant leech
  2412 | D        | Killed a tyrant leech
  2609 | D        | Noticed a red devil
  2613 | D        | Noticed a deep troll
  2614 | D        | Noticed a phantasmal warrior
  2651 | D        | Killed a deep troll
  2652 | D        | Reached skill level 15 in Stealth
  2652 | D        | Reached XP level 10. HP: 33/60 MP: 11/11
  2811 | D        | Noticed a manticore
  2811 | D        | Noticed a lindwurm
  2815 | D        | Noticed Arachne
  2823 | D        | Killed a lindwurm
  2825 | D        | HP: 4/91 [Arachne/bolt of poison (50)]
  2826 | D        | Succumbed to Arachne's bolt of poison
  2826 | D        | Lost a life (1 life remaining)
  2842 | D        | Killed from afar by Arachne
  2842 | D        | Lost a life (0 lives remaining)
  2898 | D        | Mangled by Arachne

Illustrated notes

Levels and vault maps discovered:
D:        pitsprint [storerooms_1, entrance_room_1, metal_vault_8, armoury_3,
          mini_pit_1, grid_room_1, main_hall_1, silver_pit, the_coven_3,
          the_vestibule_1, steel_vault_5, golden_pit, hallway_of_sentries,
          crystal_vault_4, iron_vault_1, final_vault]

Skill      XL: |  1  2  3  4  5  6  7  8  9 10 |
---------------+-------------------------------+-----
Dodging        | 3 4 5 6 7 10 12 14 | 14.8
Stealth        | 2 4 5 6 7 10 11 13 15 | 15.7
Fighting       | 2 3 4 5 7 9 11 | 11.5
Shapeshifting  | 3 4 5 6 7 8 9 |  9.0
Unarmed Combat | 4 5 6 8 10 11 | 11.8

Action                     |  1- 3 |  4- 6 |  7- 9 | 10-12 || total
---------------------------+-------+-------+-------+-------++-------
  Melee: Unarmed           |    35 |    44 |    94 |    28 ||   201
         Bite              |     3 |     3 |    13 |     7 ||    26
         Punch             |     1 |       |     4 |     2 ||     7
 Invoke: Trog's Hand       |     1 |     1 |     4 |     3 ||     9
         Berserk           |     1 |       |     2 |     3 ||     6
         Brothers in Arms  |       |       |     1 |     1 ||     2
    Use: Potion            |       |     5 |     3 |       ||     8
         Scroll            |       |       |     1 |       ||     1
   Stab: Sleeping          |     2 |     2 |     8 |       ||    12
         Invisible         |       |     4 |       |       ||     4
 Armour: Skin              |    14 |    15 |    34 |     9 ||    72
  Dodge: Dodged            |    29 |    47 |   101 |    19 ||   196
